 Dungeon Crawl Stone Soup version 0.21-a0-518-g43a1781 (webtiles) character file.

54 4thArraOfDagon the Skirmisher (level 3, -2/33 HPs)
             Began as a Minotaur Abyssal Knight on Dec 4, 2017.
             Was a Follower of Lugonu.
             Slain by Natasha (4 damage)
             ... on level 2 of the Dungeon.
             The game lasted 00:02:12 (564 turns).

4thArraOfDagon the Skirmisher (MiAK)                 Turns: 564, Time: 00:02:13

Health: -2/33      AC:  6    Str: 16    XL:     3   Next: 66%
Magic:  3/3        EV:  5    Int: 10    God:    Lugonu [*.....]
Gold:   110        SH: 13    Dex:  9    Spells: 2/2 levels left

rFire    . . .     SeeInvis .   a - +1 hand axe
rCold    . . .     Gourm    .   j - +2 large shield
rNeg     . . .     Faith    .   g - +0 scale mail
rPois    .         Spirit   .   (helmet restricted)
rElec    .         Reflect  .   (no cloak)
rCorr    .         Harm     .   (no gloves)
MR       .....                  (no boots)
Stlth    ..........             (no amulet)
HPRegen  0.11/turn              (no ring)
MPRegen  0.08/turn              (no ring)

@: slowed, very slow
A: retaliatory headbutt, horns 2
a: Depart the Abyss, Renounce Religion


You were on level 2 of the Dungeon.
You worshipped Lugonu.
Lugonu was aware of your devotion.
You were not hungry.

You visited 1 branch of the dungeon, and saw 2 of its levels.
You visited the Abyss 1 time.

You collected 110 gold pieces.

Inventory:

Hand Weapons
 a - a +1 hand axe (weapon)
 m - a +0 club
Armour
 b - a +0 leather armour
 g - a +0 scale mail (worn)
 j - a +2 large shield (worn)
Scrolls
 d - 2 scrolls of remove curse {unknown}
 e - a scroll of holy word {unknown}
 i - a scroll of vulnerability {unknown}
 k - 3 scrolls of identify {unknown}
Comestibles
 c - a bread ration
 l - a royal jelly


   Skills:
 + Level 4.0 Fighting
 - Level 3.0 Axes
 + Level 2.9 Armour
 + Level 1.8 Dodging
 + Level 1.4 Shields
 + Level 2.2 Invocations


You had 2 spell levels left.
You didn't know any spells.

Dungeon Overview and Level Annotations

Branches:
Dungeon (2/15)

Altars:

Annotations:
D:2 Natasha


Innate Abilities, Weirdness & Mutations

You reflexively headbutt those who attack you in melee.
You have a pair of horns on your head.


Message History

It was a potion of curing.
You feel better. Natasha claws you. Natasha claws you!
Unknown command.
You completely miss Natasha. Natasha casts a spell at you.
The magic dart hits you!
* * * LOW HITPOINT WARNING * * *
Natasha casts a spell at you. The magic dart hits you!
* * * LOW HITPOINT WARNING * * *
You slash Natasha!
Natasha is severely wounded.
Natasha mewls in sadness.
Natasha claws you.
* * * LOW HITPOINT WARNING * * *
Unknown command.
You hit Natasha.
Natasha is almost dead.
Natasha claws you but does no damage. Natasha claws you.
You die...

.........##..#####..#
.......>##.....#...##
........##.†(..(.#
........#..##....#
........#..##...##
...)...##.......## ###
...........###...# ...#
..###........##..#....#
#..#....#.##....@h....#
......###.###..†.#....#
....### # #?...#....#
###.# ##.... ...#
....#...(# .#...#.?..#
###...# ## #...#


You could see Natasha.

Vanquished Creatures
  Jessica (D:2)
  A gnoll (D:1)
  A dart slug (D:1)
  5 hobgoblins
  4 bats
  3 frilled lizards
  3 kobolds
  A rat (D:2)
19 creatures vanquished.

Notes
Turn   | Place    | Note
-------+----------+-------------------------------------------
     0 | Abyss:1  | 4thArraOfDagon the Minotaur Abyssal Knight began the quest for the Orb.
     0 | Abyss:1  | Reached XP level 1. HP: 19/19 MP: 1/1
    46 | Abyss:2  | Noticed a chaos spawn
    89 | Abyss:3  | Noticed a glowing orange brain
   102 | D:1      | Escaped the Abyss
   257 | D:1      | Reached XP level 2. HP: 15/27 MP: 2/2
   392 | D:1      | Reached * piety under Lugonu
   405 | D:1      | Reached skill level 1 in Shields
   480 | D:2      | Noticed Jessica
   490 | D:2      | Killed Jessica
   490 | D:2      | Reached skill level 4 in Fighting
   490 | D:2      | Reached XP level 3. HP: 27/33 MP: 3/3
   552 | D:2      | Noticed Natasha
   564 | D:2      | Slain by Natasha

Vault maps used:
D:1:      dpeg_arrival_morbid_curiosity, minmay_distorted
D:2:      uniq_natasha, uniq_jessica
Abyss:1:  patterned_corridor
Abyss:2:  hangedman_abyss_feature_spike
Abyss:3:  hangedman_abyss_or_decor_stagger, hangedman_abyss_or_decor_lesser_grid

Skill      XL: |  1  2 |
---------------+-------+-----
Axes           | 3 |  3.0
Shields        | 1 |  1.4
Invocations    | 2 |  2.2
Fighting       | 4 |  4.0
Armour         | |  2.9
Dodging        | |  1.8

Action                   || total
-------------------------++-------
Melee: Hand axe          ||    57
       Headbutt          ||    12
Invok: Depart the Abyss  ||     1
  Use: Potion            ||     2
Armor: Scale mail        ||    16
Dodge: Dodged            ||     7
Block: Large shield      ||    49

Table legend:
 A = Spawn XP
 B = Non-spawn XP
 C = Spawn XP percentage of total XP
 D = Spawn monster count
 E = Non-spawn monster count
 F = Spawn count percentage of total count
 G = Total turns spent on level
                    A         B        C        D         E        F      G
               +---------+---------+-------+---------+---------+-------+---------
         Total |       0 |      78 |   0.0 |       0 |      19 |   0.0 |   564
               +---------+---------+-------+---------+---------+-------+---------
           D:1 |       0 |      31 |   0.0 |       0 |      11 |   0.0 |   330
           D:2 |       0 |      47 |   0.0 |       0 |       8 |   0.0 |   132
               +---------+---------+-------+---------+---------+-------+---------
